 Dungeon Crawl Stone Soup version 0.24-a0-203-gf0bc1e94ae (webtiles) character file.

Game seed: 1127757261546862844

460 HYPERHYPER the Skirmisher (level 6, -2/57 HPs)
             Began as a Minotaur Fighter on Mar 28, 2019.
             Slain by a mummy (9 damage)
             ... in an ossuary.
             The game lasted 00:01:30 (1875 turns).

HYPERHYPER the Skirmisher (Minotaur Fighter)        Turns: 1875, Time: 00:01:31

Health: -2/57      AC:  8    Str: 21 (23) XL:     6   Next: 78%
Magic:  5/5        EV:  8    Int:  3 (5)  God:
Gold:   146        SH:  9    Dex:  9      Spells: 5/5 levels left

rFire    . . .     SeeInvis .   a - +0 war axe
rCold    . . .     Gourm    .   c - +0 shield
rNeg     . . .     Faith    .   b - +0 scale mail
rPois    .         Spirit   .   (helmet restricted)
rElec    .         Reflect  .   (no cloak)
rCorr    .         Harm     .   j - +0 pair of gloves
MR       .....                  (no boots)
Stlth    ..........             (no amulet)
HPRegen  0.19/turn              (no ring)
MPRegen  0.09/turn              (no ring)

@: no status effects
A: retaliatory headbutt, horns 2
a: no special abilities


You were in an ossuary.
You were hungry.

You visited 1 branch of the dungeon, and saw 4 of its levels.
You also visited: Ossuary.

You collected 146 gold pieces.

Inventory:

Hand Weapons
 a - a +0 war axe (weapon)
Armour
 b - a +0 scale mail (worn)
 c - a +0 shield (worn)
 j - a +0 pair of gloves (worn)
   (You found it on level 1 of the Dungeon)
Scrolls
 f - 4 scrolls of identify {unknown}
 g - a scroll of magic mapping {unknown}
 h - a scroll of fear {unknown}
 i - a scroll of random uselessness {unknown}
 m - a scroll of noise {unknown}
 n - a scroll of enchant armour {unknown}
 p - a scroll of remove curse {unknown}
Potions
 d - a potion of might
Comestibles
 e - 4 rations


   Skills:
 * Level 5.8 Fighting
 * Level 5.2 Axes
 + Level 4.7 Armour
 + Level 2.4 Dodging
 + Level 4.9 Shields


You had 5 spell levels left.
You didn't know any spells.
Your spell library was empty.

Dungeon Overview and Level Annotations

Branches:
Dungeon (4/15)
 Temple: D:4-7

Altars:
Kikubaaqudgha
Trog

Annotations:
D:3 1 transporter


Innate Abilities, Weirdness & Mutations

You reflexively headbutt those who attack you in melee.
You have a pair of horns on your head.


Message History

A hound zombie comes into view.
A hound zombie is nearby!
Unknown command.
A hound zombie is nearby!
A hound zombie is nearby!
You hit the hound zombie. You headbutt the hound zombie!
The hound zombie is heavily damaged.
You block the hound zombie's attack. The hound zombie barely misses you.
You slash the hound zombie!
The hound zombie is almost destroyed.
The hound zombie bites you but does no damage.
You hit the hound zombie.
You destroy the hound zombie!
A mummy comes into view.
The mummy moves out of view.
There is an open door here.
There is an open door here.
Your shield and scale mail prevent you from hitting the mummy.
The mummy hits you!
You die...

#+# ..'
###.#
.#.+
'.###
#.'.
###.###
#.@.'.#
#####M###
#∩..#.'.
#.∩.'.###
#...#.'
#####.#
..+ #+#


You could see a mummy.

Vanquished Creatures
  A hornet zombie (Ossuary)
  A vampire bat (D:2)
  2 bullfrog zombies (Ossuary)
  2 hound zombies (Ossuary)
  8 mummies
  2 worker ant zombies (Ossuary)
  A howler monkey zombie (Ossuary)
  3 adders
  2 adder zombies (Ossuary)
  2 worms (D:2)
  2 dart slugs
  3 leopard geckos
  3 orcs (D:4)
  5 bats (D:2)
  2 bat skeletons (D:2)
  3 bat zombies (D:2)
  4 giant cockroaches
  6 goblins
  9 hobgoblins
  A frilled lizard (D:1)
  A giant cockroach zombie (Ossuary)
  A jackal zombie (Ossuary)
  3 kobolds
  4 rats (D:1)
71 creatures vanquished.

Vanquished Creatures (others)
  A withered plant (Ossuary)
1 creature vanquished.

Grand Total: 72 creatures vanquished

Notes
Turn   | Place    | Note
-------+----------+-------------------------------------------
     0 | D:1      | HYPERHYPER the Minotaur Fighter began the quest for the
                  | Orb.
     0 | D:1      | Reached XP level 1. HP: 19/19 MP: 0/0
    89 | D:1      | Reached XP level 2. HP: 27/27 MP: 1/1
   565 | D:2      | Reached XP level 3. HP: 19/33 MP: 2/2
   704 | D:2      | Found a bloodstained altar of Trog.
  1105 | D:2      | Reached skill level 1 in Dodging
  1336 | D:2      | Reached XP level 4. HP: 40/41 MP: 3/3
  1480 | D:2      | Found an ancient bone altar of Kikubaaqudgha.
  1595 | D:3      | Found a transporter.
  1718 | D:4      | Found a sand-covered staircase.
  1723 | D:4      | Reached XP level 5. HP: 47/47 MP: 4/4
  1727 | Ossuary  | Entered an ossuary
  1743 | Ossuary  | Reached skill level 5 in Fighting
  1777 | Ossuary  | Reached XP level 6. HP: 9/56 MP: 5/5
  1855 | Ossuary  | Reached skill level 5 in Axes
  1875 | Ossuary  | Slain by a mummy

Levels and vault maps discovered:
D:1:      tarquinn_simple_flora_water_f, layout_rooms, minmay_misc_feat_cross
D:2:      layout_loops_ring, kennysheep_vampire_church, lemuel_doored_altar,
          first_ration
D:3:      layout_basic, gammafunk_ghost_gnarly_gnolls, minmay_distorted,
          uniq_natasha, uniq_purgy
D:4:      layout_gridville, nicolae_overflow_crystal_walls,
          gup_ossuary_entry_pyramid, uniq_pikel
Ossuary:  ossuary_zaba_flooded

Skill      XL: |  1  2  3  4  5  6 |
---------------+-------------------+-----
Fighting       | 4 5 |  5.8
Axes           | 3 4 5 |  5.2
Dodging        | 1 2 |  2.4
Shields        | 4 |  4.9
Armour         | 4 |  4.7

Action                   |  1- 3 |  4- 6 || total
-------------------------+-------+-------++-------
Melee: War axe           |   116 |   119 ||   235
       Headbutt          |    10 |    17 ||    27
  Use: Potion            |       |     4 ||     4
  Eat: Chunk             |     2 |     1 ||     3
Armor: Scale mail        |    58 |    35 ||    93
       Skin              |       |     8 ||     8
Dodge: Dodged            |    37 |    32 ||    69
Block: Shield            |    50 |    62 ||   112

Table legend:
 A = Non-vault XP
 B = Vault XP
 C = Vault XP percentage of total XP
 D = Non-vault monster count
 E = Vault monster count
 F = Vault count percentage of total count
                 A         B        C        D         E       F
            +---------+---------+-------+---------+---------+-------
      Total |     131 |     527 |  80.1 |      45 |      26 |  36.6
            +---------+---------+-------+---------+---------+-------
        D:1 |      37 |       0 |   0.0 |      20 |       0 |   0.0
        D:2 |      65 |      60 |  48.0 |      18 |       6 |  25.0
        D:3 |       4 |       0 |   0.0 |       2 |       0 |   0.0
        D:4 |      25 |      18 |  41.9 |       5 |       1 |  16.7
    Ossuary |       0 |     449 | 100.0 |       0 |      19 | 100.0
            +---------+---------+-------+---------+---------+-------
